 Dungeon Crawl Stone Soup version 0.28.0-53-g5a82cb258f (webtiles) character file.

Game seed: 18207705326035662492

35 fuccboisucc420 the Chopper (level 3, -1/27 HPs)
             Began as a Demonspawn Gladiator on July 22, 2022.
             Killed from afar by Natasha (6 damage)
             ... with a magic dart
             ... on level 2 of the Dungeon.
             The game lasted 00:03:29 (2287 turns).

fuccboisucc420 the Chopper (Demonspawn Gladiator)   Turns: 2287, Time: 00:03:29

Health: -1/27      AC:  9    Str: 16    XL:     3   Next: 17%
Magic:  3/3        EV:  8    Int:  9    God:
Gold:   50         SH:  0    Dex: 14    Spells: 2/2 levels left

rFire   . . .      SeeInvis .   a - +0 war axe
rCold   . . .      Faith    .   (no shield)
rNeg    . . .      Spirit   .   g - +0 chain mail
rPois   .          Reflect  .   c - +0 helmet
rElec   .          Harm     .   (no cloak)
rCorr   .          Rampage  .   (no gloves)
Will    .....                   (no boots)
Stlth   ..........              (no amulet)
HPRegen 0.09/turn               n - ring of flight
MPRegen 0.08/turn               (no ring)

@: flying, slowed, very slow
A: sturdy frame 1
a: no special abilities


You were on level 2 of the Dungeon.
You visited 1 branch of the dungeon, and saw 2 of its levels.

You collected 50 gold pieces.

Inventory:

Hand Weapons
 a - a +0 war axe (weapon)
 l - a +1 dagger of draining
Missiles
 d - 3 throwing nets
 h - 71 stones (quivered)
Armour
 b - a +0 leather armour
 c - a +0 helmet (worn)
 g - a +0 chain mail (worn)
Jewellery
 n - a ring of flight (left hand)
Scrolls
 j - a scroll of teleportation {unknown}
 o - a scroll of vulnerability
 p - 3 scrolls of blinking {unknown}
 q - a scroll of identify
Potions
 e - a potion of lignification {unknown}
 f - a potion of magic {unknown}
 i - a potion of mutation {unknown}
 k - a potion of curing {unknown}
 m - 3 potions of heal wounds {unknown}


   Skills:
 - Level 2.0 Fighting
 + Level 3.7 Axes
 + Level 2.0 Throwing
 + Level 0.4 Armour
 - Level 2.6 Dodging
 + Level 0.2 Stealth


You had 2 spell levels left.
You didn't know any spells.
Your spell library contained the following spells:

 Spells                   Type           Power      Damage    Failure   Level
 Foxfire                  Conj/Fire      0%         2x1d4     98%         1
 Conjure Flame            Conj/Fire      0%         6-21      100%        3
 Inner Flame              Hex/Fire       0%         N/A       100%        3
 Ozocubu's Armour         Ice            0%         N/A       100%        3
 Flame Wave               Conj/Fire      0%         2d4       100%        4
 Metabolic Englaciation   Hex/Ice        0%         N/A       100%        5
 Simulacrum               Ice/Necr       0%         N/A       100%        6


Dungeon Overview and Level Annotations

Branches:
Dungeon (2/15)

Altars:

Annotations:
D:2 Natasha


Innate Abilities, Weirdness & Mutations

Your movements are slightly less encumbered by armour. (ER -2)


Message History

Natasha barely misses you.
You barely miss the crimson imp. You completely miss Natasha.
The crimson imp closely misses you. Natasha claws you.
The crimson imp hits you.
* * * LOW HITPOINT WARNING * * *
Natasha closely misses you.
You barely miss the crimson imp. You barely miss Natasha.
The crimson imp barely misses you. Natasha claws you.
* * * LOW HITPOINT WARNING * * *
The crimson imp barely misses you.
Natasha hisses.
Natasha barely misses you.
You slash the crimson imp!
The crimson imp is almost dead.
You closely miss Natasha.
The crimson imp hits you but does no damage.
Natasha claws you.
* * * LOW HITPOINT WARNING * * *
The crimson imp hits you but does no damage.
Natasha claws you.
* * * LOW HITPOINT WARNING * * *
You closely miss the crimson imp.
The crimson imp is severely wounded.
You miss Natasha. The crimson imp barely misses you.
Natasha stares at you and mumbles some strange words.
You resist with significant effort.
The crimson imp hits you but does no damage.
Natasha claws you but does no damage.
You closely miss the crimson imp.
The crimson imp is heavily wounded.
You hit Natasha.
The crimson imp disappears in a puff of smoke!
Natasha closely misses you.
Natasha stares at you and mumbles some strange words.
You feel as though you will be slow longer.
You hit Natasha but do no damage.
Natasha is moderately wounded.
Natasha stares at you and mumbles some strange words.
The magic dart hits you.
You die...

#..# ...## .(.
.#..###### #.#
.........# #.#
###......# #.#
###########+####.###
......(.......((...#
.#####........ยง.h..#
## ######..##.@##
##..#.## ##...# ##..#
####


You could see Natasha.

Vanquished Creatures
  2 worms (D:2)
  A dart slug (D:1)
  4 endoplasms (D:1)
  2 hobgoblins
  3 jackals
  5 kobolds
  A quokka (D:2)
  2 bats
  4 frilled lizards
  2 goblins (D:1)
  A rat (D:1)
27 creatures vanquished.

Vanquished Creatures (others)
  7 plants (D:2)
7 creatures vanquished.

Grand Total: 34 creatures vanquished

Notes
Turn   | Place    | Note
-------+----------+-------------------------------------------
     0 | D:1      | fuccboisucc420 the Demonspawn Gladiator began the quest for
                  | the Orb.
     0 | D:1      | Reached XP level 1. HP: 16/16 MP: 1/1
   620 | D:1      | Reached skill level 3 in Axes
   659 | D:1      | Gained mutation: Your movements are slightly less
                  | encumbered by armour. (ER -2) [demonic ancestry]
   659 | D:1      | Reached XP level 2. HP: 3/22 MP: 2/2
  2009 | D:2      | Reached XP level 3. HP: 19/27 MP: 3/3
  2274 | D:2      | Noticed Natasha
  2287 | D:2      | Killed from afar by Natasha

Illustrated notes

Levels and vault maps discovered:
D:1:      grunt_arrival_crossed_arrows, layout_basic
D:2:      layout_rooms, kennysheep_crisscross, dk_noncrumbling_2,
          serial_bayou_pond_c, minmay_goblin_kobold_house, uniq_sigmund,
          uniq_natasha, uniq_robin

Skill      XL: |  1  2 |
---------------+-------+-----
Axes           | 3 |  3.7
Throwing       | 2 |  2.0
Fighting       | |  2.0
Armour         | |  0.4
Dodging        | |  2.6
Stealth        | |  0.2

Action                   || total
-------------------------++-------
Melee: War axe           ||    77
Throw: Stone             ||    22
  Use: Scroll            ||     1
Armor: Leather armour    ||     7
       Chain mail        ||    35
Dodge: Dodged            ||    43
